 Dungeon Crawl Stone Soup version 0.22-a0-414-gacd343e (webtiles) character file.

48 Kairos the Chopper (level 3, 28/28 HPs)
             Began as a Demonspawn Gladiator on May 13, 2018.
             Quit the game on level 1 of the Dungeon.
             The game lasted 00:00:46 (811 turns).

Kairos the Chopper (Demonspawn Gladiator)            Turns: 811, Time: 00:00:46

Health: 28/28      AC:  4    Str: 15    XL:     3   Next: 50%
Magic:  3/3        EV: 13    Int:  9    God:
Gold:   57         SH:  0    Dex: 14    Spells: 2/2 levels left

rFire    . . .     SeeInvis .   a - +0 war axe
rCold    . . .     Gourm    .   (no shield)
rNeg     . . .     Faith    .   b - +0 leather armour
rPois    .         Spirit   .   c - +0 helmet
rElec    .         Reflect  .   (no cloak)
rCorr    .         Harm     .   (no gloves)
MR       .....                  (no boots)
Stlth    +.........             (no amulet)
HPRegen  0.09/turn              (no ring)
MPRegen  0.08/turn              (no ring)

@: no status effects
A: talons 1
a: no special abilities


You were on level 1 of the Dungeon.
You were not hungry.

You visited 1 branch of the dungeon, and saw 1 of its levels.

You collected 57 gold pieces.

Inventory:

Hand Weapons
 a - a +0 war axe (weapon)
Missiles
 d - 3 throwing nets (quivered)
Armour
 b - a +0 leather armour (worn)
 c - a +0 helmet (worn)
Scrolls
 e - 2 scrolls of identify {unknown}
 g - a scroll of amnesia {unknown}
 h - a scroll of teleportation {unknown}
Potions
 i - a potion of lignification {unknown}
 j - a potion of heal wounds {unknown}
 k - a potion of haste {unknown}
Comestibles
 f - 2 rations


   Skills:
 + Level 2.4 Fighting
 + Level 3.3 Axes
 + Level 1.8 Throwing
 + Level 0.2 Armour
 + Level 3.2 Dodging


You had 2 spell levels left.
You didn't know any spells.
Your spell library was empty.

Dungeon Overview and Level Annotations

Branches:
Dungeon (1/15)

Altars:


Innate Abilities, Weirdness & Mutations

You have sharp toenails.


Message History

The kobold is moderately wounded.
The kobold closely misses you.
You hit the kobold.
You kill the kobold!
No target in view!
No target in view!
No target in view!
You see here a dagger.
j - a bubbling brown potion You see here a stone.
k - an inky potion You see here a stone.
You see here 20 sling bullets.
Done exploring.
Done exploring.
No target in view!
Done exploring.
Done exploring.
Done exploring.
Are you sure you want to abandon this character and quit the game? (Confirm with "yes".)

#.##.#####.#.#######........
######.##.# #.#.# ###.#.#.#
........#.# #.#.# #.#.#.#
#######.#.# #)#.# #.#.#.# # #.#.#
#.#.# #.#.#.. # #.#.# #.#.#
#.#.##. # #.#.# #.#.# #.#.##. #
#.#.#####.#.# #.#.##. #
#.........@.# #.#.##.
#######.........### #######†...#.
.(......#############......>..#..
######### #...#...##..##....
#..............##.
#...#...##..#####.
##.###.###.#.###.. #.#
#.##..##...#. #.# #.##.#######.


There were no monsters in sight!

Vanquished Creatures
  An ooze (D:1)
  2 dart slugs (D:1)
  A leopard gecko (D:1)
  4 bats (D:1)
  2 giant cockroaches (D:1)
  A hobgoblin (D:1)
  8 jackals (D:1)
  4 kobolds (D:1)
  3 frilled lizards (D:1)
  5 goblins (D:1)
  4 rats (D:1)
35 creatures vanquished.

Notes
Turn   | Place    | Note
-------+----------+-------------------------------------------
     0 | D:1      | Kairos the Demonspawn Gladiator began the quest for the Orb.
     0 | D:1      | Reached XP level 1. HP: 16/16 MP: 1/1
    55 | D:1      | Gained mutation: You have sharp toenails. [demonic ancestry]
    55 | D:1      | Reached XP level 2. HP: 17/22 MP: 2/2
   401 | D:1      | Reached XP level 3. HP: 27/28 MP: 3/3
   811 | D:1      | Quit the game

Vault maps used:
D:1:      scummos_arrival_checkerplants, minmay_misc_feat_five

Skill      XL: |  1  2 |
---------------+-------+-----
Dodging        | 3 |  3.2
Axes           | 3 |  3.3
Fighting       | |  2.4
Throwing       | |  1.8
Armour         | |  0.2

Action                   || total
-------------------------++-------
Melee: War axe           ||    63
       Kick              ||    16
Armor: Leather armour    ||    28
Dodge: Dodged            ||    69

Table legend:
 A = Spawn XP
 B = Non-spawn XP
 C = Spawn XP percentage of total XP
 D = Spawn monster count
 E = Non-spawn monster count
 F = Spawn count percentage of total count
 G = Total turns spent on level
                    A         B        C        D         E        F      G
               +---------+---------+-------+---------+---------+-------+---------
         Total |       0 |      69 |   0.0 |       0 |      35 |   0.0 |   811
               +---------+---------+-------+---------+---------+-------+---------
           D:1 |       0 |      69 |   0.0 |       0 |      35 |   0.0 |   811
               +---------+---------+-------+---------+---------+-------+---------
